Unix NetHack Version 5.0.0-0 post-release - last build May 17 2026 04:57:42 (dc50c8380fa5e20985bfe3072449f57b8d9895ef,branch:main).

Game began 2026-05-17 21:23:22, ended 2026-05-17 21:40:47.

ArrBianca, chaotic female human Barbarian

                                                            --- ---..
                                                    |.|     |.........-----+-
                                            ---------.--+-- --..............|
                                            -.............----.)..{.....-----
                                            ..-----.---.-....)..........-..|
                                    |       ....  |..|  ---..|.........-|..|
                                     .      .|... |..|   -...|-...---.-
                                             --..)----   ....----  --|---
                                              ...aa|     .......|  |....|
                                               ..a@|     ..%..%.-- |%%%%|
                                                -..|     .....|..| ------
                                                 ---      ....|..-----
                                                              |....|.---
                                                              |.........|
                                                               ---.....--.
                                                                 -.|....|..--
                                                                  .| --.....|
                                                                      ---..<|
                                                                        -----
ArrBianca the Bandit       St:18 Dx:16 Co:18 In:9 Wi:7 Ch:7  Chaotic
Dlvl:7  $:86 HP:0(70) Pw:11(11) AC:2  Xp:6 T:2027 

Latest messages:
 You avoid harm.
 The fire ant bites!
 The fire ant misses!
 You smite the fire ant!
 The fire ant bites!
 The fire ant bites again!
 You avoid harm.
 The fire ant bites!
 The fire ant bites again!
 You avoid harm.
 The fire ant bites!
 The fire ant bites again!
 You avoid harm.
 The fire ant bites!
 The fire ant bites again!
 You avoid harm.
 The fire ant bites!
 The fire ant bites again!
 You're on fire!
 Are you sure you want to pray? [yn] (n) y
 You begin praying to Set.
 You are surrounded by a shimmering light.
 The fire ant starts to attack you, but pulls back.
 The fire ant starts to attack you, but pulls back.
 The fire ant starts to attack you, but pulls back.
 The fire ant starts to attack you, but pulls back.
 The fire ant starts to attack you, but pulls back.
 The fire ant starts to attack you, but pulls back.
 The fire ant starts to attack you, but pulls back.
 The fire ant starts to attack you, but pulls back.
 The fire ant starts to attack you, but pulls back.
 The fire ant starts to attack you, but pulls back.
 The fire ant starts to attack you, but pulls back.
 The fire ant starts to attack you, but pulls back.
 The fire ant starts to attack you, but pulls back.
 You finish your prayer.
 You feel that Set is well-pleased.
 The fire ant just misses!
 The fire ant just misses!
 The fire ant bites!
 The fire ant misses!
 The fire ant bites!
 The fire ant bites again!
 You're on fire!
 Your candle catches light!
 The fire ant misses!
 The fire ant bites!
 You're on fire!
 You die...
 Do you want an account of creatures vanquished? [ynaq] (y) q

Inventory:
 Coins    ('$')
  $ - 86 gold pieces
 Weapons  (')')
  n - 43 +0 arrows (in quiver)
  m - a +0 bow (alternate weapon; not wielded)
  f - a +0 orcish dagger
  b - a +0 axe
  a - a blessed +0 two-handed sword (weapon in hands)
 Armor    ('[')
  g - an uncursed +0 orcish helm (being worn)
  B - an uncursed rotted +2 pair of low boots (being worn)
  z - an uncursed +0 dwarvish cloak (being worn)
  F - an uncursed +0 elven mithril-coat (being worn)
 Comestibles  ('%')
  w - an uncursed cream pie
  d - 5 uncursed food rations
  r - 2 uncursed lichen corpses
 Scrolls  ('?')
  v - an uncursed scroll of amnesia
  s - a blessed scroll of confuse monster
  y - an uncursed scroll of confuse monster
  I - an uncursed scroll of teleportation
 Rings    ('=')
  A - an uncursed ring of levitation
 Wands    ('/')
  h - a wand of light (0:13)
 Tools    ('(')
  e - a +0 pick-axe
  o - an uncursed skeleton key
  H - an uncursed partly used tallow candle (lit)
  i - an uncursed towel

ArrBianca the Barbarian's attributes:

Background:
 You were a Bandit, a level 6 female human Barbarian.
 You were chaotic, on a mission for Set
 who was opposed by Mitra (lawful) and Crom (neutral).
 You were right-handed.
 You were in the Gnomish Mines, on level 7.
 You entered the dungeon 2027 turns ago.
 There was a new moon in effect when your adventure ended.
 You had 557 experience points, 83 more were needed to attain level 7.

Basics:
 You had 0 out of 70 hit points.
 You had all 11 energy points (spell power).
 Your armor class was 2.
 Your wallet contained 86 zorkmids.
 Autopickup was on for '$?!/="+%' plus thrown, with exceptions.

Final Characteristics:
 Your strength was 18 (limit:18/100).
 Your dexterity was 16 (limit:18).
 Your constitution was 18 (limit:18).
 Your intelligence was 9 (limit:18).
 Your wisdom was 7 (limit:18).
 Your charisma was 7 (limit:18).

Final Status:
 You weren't hungry.
 You were unencumbered.
 You were wielding a two-handed sword.
 You were skilled in two-handed sword.

Final Attributes:
 You were devoutly aligned.
 Your items were somewhat protected from fire.
 Your items were somewhat protected from cold.
 You were poison resistant.
 You were guarded.
 You are dead.

Miscellaneous:
 You didn't encounter any bones levels.
 Total elapsed playing time was 17 minutes and 25 seconds.

Major events:
 Turn
    1: ArrBianca the chaotic female human Barbarian entered the dungeon
  976: entered the Gnomish Mines
  996: attained the rank of Pillager (level 3)
 1564: attained the rank of Bandit (level 6)
 1864: reached Mine Town
 2027: killed by a fire ant

You didn't know any spells.

Skills:
 Fighting Skills
   bare handed combat [Basic]
   two weapon combat  [Unskilled]
   riding             [Unskilled]
 Weapon Skills
   dagger             [Unskilled]
   axe                [Basic]
   pick-axe           [Unskilled]
   short sword        [Unskilled]
   broadsword         [Unskilled]
   long sword         [Unskilled]
   two-handed sword   [Skilled]
   saber              [Unskilled]
   club               [Unskilled]
   mace               [Unskilled]
   morning star       [Unskilled]
   flail              [Unskilled]
   hammer             [Unskilled]
   quarterstaff       [Unskilled]
   spear              [Unskilled]
   trident            [Unskilled]
   bow                [Unskilled]
 Spellcasting Skills
   attack spells      [Unskilled]
   escape spells      [Unskilled]

Voluntary challenges:
 Character rerolling was not enabled.
 You never genocided any monsters.
 You never polymorphed an object.
 You never changed form.
 You used no wishes.
Achievements:
 You entered a shop.
 You entered the Gnomish Mines.
 You attained the rank of Pillager.
 You attained the rank of Bandit.
 You entered Minetown.

 The Dungeons of Doom: levels 1 to 3
    Level 1:
       A fountain.
    Level 2:
       A general store.
    Level 3:
       A scroll shop.
       Stairs down to The Gnomish Mines.
 The Gnomish Mines: levels 4 to 7
    Level 4:
    Level 5:
    Level 6:
    Level 7: <- You were here.
       A food shop, a fountain.
       Final resting place for
          you, killed by a fire ant.


Vanquished creatures:
  a spotted jelly
  2 brown puddings
  a dingo
  a pony
  6 gnome leaders
  a gray ooze
  a giant ant
  7 dwarves
  a coyote
  2 hobbits
  a large kobold
  a red mold
 29 gnomes
  4 geckos
  a jackal
  3 goblins
  4 grid bugs
  2 lichens
  2 kobold zombies
  2 newts
72 creatures vanquished.

No species were genocided or became extinct.

Game over:
                       ----------
                      /          \
                     /    REST    \
                    /      IN      \
                   /     PEACE      \
                  /                  \
                  |    ArrBianca     |
                  |      86 Au       |
                  | killed by a fire |
                  |       ant        |
                  |                  |
                  |                  |
                  |       2026       |
                 *|     *  *  *      | *
        _________)/\\_//(\/(/\)/\//\/|_)_______

Goodbye ArrBianca the Barbarian...

You died in The Gnomish Mines on dungeon level 7 with 2616 points,
and 86 pieces of gold, after 2027 moves.
You were level 6 with a maximum of 70 hit points when you died.

